 Dungeon Crawl Stone Soup version 0.26.0-10-g1f06aea511 (webtiles) character file.

Game seed: 9313160255281526779

53 night the Chiller (level 3, -1/26 HPs)
             Began as a Draconian Ice Elementalist on Jan 22, 2021.
             Slain by a water moccasin skeleton (5 damage)
             ... on level 2 of the Dungeon.
             The game lasted 00:05:05 (1790 turns).

night the Chiller (Draconian Ice Elementalist)      Turns: 1790, Time: 00:05:06

Health: -1/26      AC:  6    Str: 10    XL:     3   Next: 62%
Magic:  4/6        EV: 12    Int: 16    God:
Gold:   89         SH:  0    Dex: 11    Spells: 3/7 levels left

rFire    . . .     SeeInvis .   d - +1 dagger (freeze)
rCold    . . .     Faith    .   (no shield)
rNeg     . . .     Spirit   .   (armour unavailable)
rPois    .         Reflect  .   (helmet restricted)
rElec    .         Harm     .   (no cloak)
rCorr    .         Rampage  .   (no gloves)
Will     .....                  p - +0 pair of boots
Stlth    ++........             (no amulet)
HPRegen  0.08/turn              (no ring)
MPRegen  0.10/turn              (no ring)

@: no status effects
A: unfitting armour, cold-blooded, AC +5
a: no special abilities


You were on level 2 of the Dungeon.
You visited 1 branch of the dungeon, and saw 2 of its levels.

You collected 89 gold pieces.

Inventory:

Hand Weapons
 b - a +0 short sword
 d - a +1 dagger of freezing (weapon)
Missiles
 f - 8 sling bullets
 g - 29 arrows
 l - 83 stones
 m - 13 poisoned darts (quivered)
 o - 37 bolts
 q - 4 datura-tipped darts
Armour
 p - a +0 pair of boots (worn)
Scrolls
 a - 3 scrolls of remove curse {unknown}
 i - 2 scrolls of fear {unknown}
 j - a scroll of enchant armour {unknown}
 k - a scroll of random uselessness {unknown}
 n - a scroll of magic mapping {unknown}
 r - a scroll of amnesia {unknown}
Potions
 c - 2 potions of lignification {unknown}
 e - a potion of invisibility {unknown}
 h - a potion of brilliance {unknown}
 s - a potion of degeneration {unknown}


   Skills:
 - Level 2.2 Dodging
 - Level 2.2 Stealth
 + Level 2.6 Spellcasting
 * Level 4.5 Ice Magic


You had 3 spell levels left.
You knew the following spells:

 Your Spells              Type           Power        Failure   Level
a - Freeze                Ice            64%          3%          1
b - Frozen Ramparts       Ice            32%          9%          3

Your spell library contained the following spells:

 Spells                   Type           Power        Failure   Level
 Ozocubu's Armour         Ice            16%          9%          3
 Hailstorm                Conj/Ice       9%           58%         4
 Summon Ice Beast         Ice/Summ       9%           58%         4


Dungeon Overview and Level Annotations

Branches:
Dungeon (2/15)

Altars:


Innate Abilities, Weirdness & Mutations

Your plain brown scales are hard. (AC +5)
You cannot fit into any form of body armour.
You are cold-blooded and may be slowed by cold attacks.


Message History

The wall freezes the water moccasin skeleton but does no damage.
The water moccasin skeleton bites you!
The water moccasin skeleton completely resists.
The wall freezes the water moccasin skeleton but does no damage.
The water moccasin skeleton bites you.
* * * LOW HITPOINT WARNING * * *
You hit the water moccasin skeleton but do no damage.
The water moccasin skeleton is heavily damaged.
The frozen ramparts melt away.
The water moccasin skeleton barely misses you.
You hit the water moccasin skeleton.
The water moccasin skeleton is heavily damaged.
The water moccasin skeleton bites you.
* * * LOW HITPOINT WARNING * * *
You see here a stone.
You aren't carrying any items that you can evoke.
You barely miss the water moccasin skeleton.
The water moccasin skeleton is heavily damaged.
The water moccasin skeleton bites you.
You die...

.................### .#
.........##...#### .#
.........##.#.#
.....).####.#.#
.#....###...#..
##.######...####
...###.....##
##.##..##[###########.###
...............(@Z)......
##...####.###########..##
##.### #.# ...# #.# .#..
... .### #.# ## ... ^.


You could see a water moccasin skeleton.

Vanquished Creatures
  An adder (D:2)
  A worm (D:2)
  A dart slug (D:1)
  2 leopard geckos (D:1)
  5 bats
  3 hobgoblins (D:1)
  5 jackals (D:1)
  2 kobolds (D:1)
  A frilled lizard (D:1)
  8 goblins
  6 rats
35 creatures vanquished.

Notes
Turn   | Place    | Note
-------+----------+-------------------------------------------
     0 | D:1      | night the Draconian Ice Elementalist began the quest for
                  | the Orb.
     0 | D:1      | Reached XP level 1. HP: 14/14 MP: 3/3
   429 | D:1      | Reached XP level 2. HP: 20/20 MP: 5/5
   937 | D:1      | Reached XP level 3. HP: 26/26 MP: 4/6
   941 | D:1      | Learned a level 3 spell: Frozen Ramparts
  1790 | D:2      | Slain by a water moccasin skeleton

Illustrated notes

Levels and vault maps discovered:
D:1:      lemuel_arrival_behind_the_door_large, layout_loops_ring,
          minmay_misc_feat_nine_boxes, serial_park_tiny_2, minmay_pentomino_p2
D:2:      lemuel_upstairs_altar, layout_rooms, nicolae_ru_awakened_eye

Skill      XL: |  1 |
---------------+----+-----
Dodging        | 2 |  2.2
Stealth        | 2 |  2.2
Spellcasting   | |  2.6
Ice Magic      | |  4.5

Action                   || total
-------------------------++-------
Melee: Short sword       ||    49
       Tailslap          ||     3
       Dagger            ||    29
Throw: Dart              ||     2
 Cast: Freeze            ||    25
       Frozen Ramparts   ||     4
Armor: Skin              ||    30
Dodge: Dodged            ||    51
